 Dungeon Crawl Stone Soup version 0.26-a0-712-ga5a9c9c9d0 (webtiles) character file.

Game seed: 5440245753850727302

7 kae the Insei (level 2, -1/16 HPs)
             Began as a Tengu Transmuter on Nov 12, 2020.
             Slain by a hobgoblin (4 damage)
             ... on level 1 of the Dungeon.
             The game lasted 00:00:09 (176 turns).

kae the Insei (Tengu Transmuter)                     Turns: 176, Time: 00:00:09

Health: -1/16      AC:  2    Str: 10    XL:     2   Next: 0%
Magic:  4/6        EV: 12    Int: 13    God:
Gold:   0          SH:  0    Dex: 14    Spells: 4/5 levels left

rFire    . . .     SeeInvis .     - Unarmed
rCold    . . .     Faith    .   (no shield)
rNeg     . . .     Spirit   .   a - +0 robe
rPois    .         Reflect  .   (helmet currently unavailable)
rElec    .         Harm     .   (no cloak)
rCorr    .         Rampage  .   (no gloves)
MR       .....                  (boots unavailable)
Stlth    +.........             (no amulet)
HPRegen  0.05/turn              (no ring)
MPRegen  0.10/turn              (no ring)

@: appendages (expiring)
A: beak, horns 2, talons 3
a: End Transformation


You were on level 1 of the Dungeon.
You had grown temporary horns.
You visited 1 branch of the dungeon, and saw 1 of its levels.

Inventory:

Armour
 a - a +0 robe (worn)
Scrolls
 b - a scroll of magic mapping {unknown}
 e - a scroll of random uselessness {unknown}
 f - a scroll of teleportation {unknown}
Potions
 c - a potion of heal wounds {unknown}
 d - a potion of curing {unknown}
 g - a potion of cancellation {unknown}


   Skills:
 + Level 1.2 Fighting
 - Level 2.1 Dodging
 + Level 3.4 Unarmed Combat
 - Level 2.0 Spellcasting
 * Level 1.9 Transmutations


You had 4 spell levels left.
You knew the following spells:

 Your Spells              Type           Power        Failure   Level
a - Beastly Appendage     Tmut           #.....       12%         1

Your spell library contained the following spells:

 Spells                   Type           Power        Failure   Level
 Wereblood                Tmut           #.......     17%         2
 Spider Form              Tmut/Pois      #.........   45%         3
 Ice Form                 Ice/Tmut       #.......     86%         4
 Blade Hands              Tmut           #.........   97%         5


Dungeon Overview and Level Annotations

Branches:
Dungeon (1/15)

Altars:


Innate Abilities, Weirdness & Mutations

You have a beak for a mouth.
You have claws for feet.
You have a pair of horns on your head.


Message History

Your peck misses the leopard gecko.
The leopard gecko is severely wounded.
The leopard gecko barely misses you.
You closely miss the leopard gecko. Your headbutt misses the leopard gecko.
The leopard gecko is severely wounded.
The leopard gecko bites you.
* * * LOW HITPOINT WARNING * * *
You hit the leopard gecko.
You kill the leopard gecko!
You have reached level 2!
You hit the hobgoblin but do no damage. Your peck misses the hobgoblin.
You hit the hobgoblin but do no damage. You claw the hobgoblin.
Your peck misses the hobgoblin.
The hobgoblin is severely wounded.
The hobgoblin hits you.
* * * LOW HITPOINT WARNING * * *
You closely miss the hobgoblin. Your kick misses the hobgoblin.
The hobgoblin is severely wounded.
The hobgoblin hits you.
You die...

.....#...........# #..#
....#.#....#.#### #..#
#..#......#.# #..#
##...##...##.# ####.)#
##..8..#...##.# ..##..#
##..........##.#[..##..#
##..[........##.#...##..########
#.....8.........g...##..........
#.....<.....###@# #.#########
.(..8.....8..#...# #.#
......≈≈§§§..#.### #.#
...##≈§≈§≈##.#. #.# ..
#§≈≈§≈##.# #.# .
#≈≈>≈≈##.##########.#
########............#
##############


You could see a hobgoblin.

Vanquished Creatures
  A leopard gecko (D:1)
  A goblin (D:1)
  2 hobgoblins (D:1)
  A frilled lizard (D:1)
5 creatures vanquished.

Notes
Turn   | Place    | Note
-------+----------+-------------------------------------------
     0 | D:1      | kae the Tengu Transmuter began the quest for the Orb.
     0 | D:1      | Reached XP level 1. HP: 12/12 MP: 4/4
   173 | D:1      | Reached XP level 2. HP: 3/16 MP: 4/6
   176 | D:1      | Slain by a hobgoblin

Illustrated notes

Levels and vault maps discovered:
D:1:      grunt_arrival_lava_bath, layout_basic, feat_on_display

Action                   || total
-------------------------++-------
Melee: Unarmed           ||    18
       Kick              ||     4
       Peck              ||     2
       Headbutt          ||     1
 Cast: Beastly Appendage ||     4
Armor: Robe              ||     1
Dodge: Dodged            ||     9

Table legend: (Time is in decaauts)
 A = Elapsed time spent in this place.
 B = Non-inter-level travel time spent in this place.
 C = Inter-level travel time spent in this place.
 D = Time resting spent in this place.
 E = Time spent auto-exploring this place.
 F = Levels seen in this place.
 G = Mean time per level.
                   A        B        C        D        E       F      G
               +--------+--------+--------+--------+--------+-----+--------+
         Total |    175 |    175 |      0 |      0 |    129 |   1 |  175.0 |
       Dungeon |    175 |    175 |      0 |      0 |    129 |   1 |  175.0 |
               +--------+--------+--------+--------+--------+-----+--------+

Top non-repeatable levels by time:
     D:1: 175 daAuts
